 Dungeon Crawl Stone Soup version 0.31.0-12-g77e489cdc1 (webtiles) character file.

Game seed: 9293252476225675304

4627 gohu the Thaumaturge (level 10, -2/72 HPs)
             Began as a Djinni Fire Elementalist on Mar 7, 2024.
             Slain by a killer bee (4 damage)
             ... on level 8 of the Dungeon.
             The game lasted 00:24:13 (7385 turns).

gohu the Thaumaturge (Djinni Fire Elementalist)     Turns: 7385, Time: 00:24:13

Health: -2/72      AC:  0    Str:  7    XL:     10   Next: 70%
Gold:   238        EV: 12    Int: 20    God:
                   SH:  6    Dex: 21

rFire   + . .        D - +4 trident (drain)
rCold   . . .        d - +0 buckler
rNeg    . . .        a - +0 robe
rPois   ∞            g - +0 helmet
rElec   .            (no cloak)
rCorr   .            o - +0 pair of gloves
SInv    .            (boots unavailable)
Will    +....        j - amulet of regeneration
Stlth   ++           h - ring of ice
HPRegen 1.12/turn    r - +6 ring of dexterity
MPRegen 0.00/turn

%: infuse magic (-3 HP)
@: corroded, flying
A: sickness immunity, fire resistance 2, cold vulnerability 1, float, innate
caster, HP casting, extra vitality 1
a: no special abilities


You were on level 8 of the Dungeon.
You visited 1 branch of the dungeon, and saw 8 of its levels.
You also visited: Sewer.

You collected 438 gold pieces.
You spent 200 gold pieces at shops.

Inventory:

Hand Weapons
 b - a +0 dagger of electrocution
 e - a +3 dagger of electrocution
 D - a +4 trident of draining (weapon)
Missiles
 t - a throwing net
Armour
 a - a +0 robe (worn)
 d - a +0 buckler (worn)
 g - a +0 helmet (worn)
 o - a +0 pair of gloves (worn)
 s - a +1 ring mail of cold resistance
Jewellery
 h - a ring of ice (left hand)
 j - an amulet of regeneration (around neck)
 r - a +6 ring of dexterity (right hand)
 A - a +5 ring of evasion
 B - an amulet of faith
 F - a ring of resist corrosion
Wands
 u - a wand of flame (37)
 v - a wand of quicksilver (8)
 w - a wand of charming (8)
 E - a wand of roots (12)
Scrolls
 i - 5 scrolls of teleportation
 n - 6 scrolls of identify
 x - a scroll of poison {unknown}
 y - 2 scrolls of blinking {unknown}
 C - 2 scrolls of enchant weapon
Potions
 c - a potion of invisibility {unknown}
 f - 2 potions of heal wounds
 k - 3 potions of brilliance
 l - 3 potions of haste {unknown}
 m - 3 potions of curing
 p - 2 potions of magic {unknown}
 q - 2 potions of enlightenment {unknown}
 z - a potion of mutation


   Skills:
 - Level 6.1 Fighting
 + Level 4.3 Armour
 - Level 2.1 Dodging
 - Level 1.5 Stealth
 - Level 5.0 Shields
 * Level 9.1 Spellcasting
 * Level 9.1 Conjurations
 * Level 9.1 Hexes
   Level 0.0 Charms
 * Level 9.1 Summonings
 * Level 9.1 Necromancy
 * Level 9.1 Translocations
   Level 0.0 Transmutations
 * Level 9.1 Fire Magic
 * Level 9.1 Ice Magic
 * Level 9.1 Air Magic
 * Level 9.1 Earth Magic
 * Level 9.1 Alchemy
 + Level 4.3 Evocations


You knew the following spells:

 Your Spells              Type           Power      Damage    Failure   Level
a - Foxfire               Conj/Fire      100%       2x1d9     1%          1
b - Scorch                Fire           90%        2d8       1%          2
c - Volatile Blastmotes   Fire/Tloc      90%        2d17      1%          3
d - Inner Flame           Hex/Fire       45%        N/A       1%          3
e - Flame Wave            Conj/Fire      45%        2d12      2%          4
f - Summon Small Mammal   Summ           100%       N/A       1%          1
g - Searing Ray           Conj           90%        2d7       1%          2
h - Stone Arrow           Conj/Erth      90%        3d12      1%          3
i - Anguish               Hex/Necr       22%        N/A       2%          4
Your spell library was empty.

Dungeon Overview and Level Annotations

Branches:
Dungeon (8/15)             Temple (0/1) D:7           Sewer (visited)
   Lair: D:8-11

Altars:
Elyvilon
Nemelex Xobeh
Trog
Uskayaw

Shops:
D:2 !   D:7 :

Annotations:
D:5 1 runed translucent door, Crazy Yiuf


Innate Abilities, Weirdness & Mutations

You are immune to sickness and miasma.
You are immune to poison.
Your flesh is very heat resistant. (rF++)
You are vulnerable to cold. (rC-)
You float through the air rather than walking.
You learn spells naturally, not from books.
Your magical power is your life essence.
You have superior vitality. (+4 MHP)


Message History

Confirm with . or Enter, or press ? or * to list all spells.
You conjure some foxfire!
The foxfire hits the killer bee!
The killer bee is severely wounded.
The killer bee stings you.
The foxfire hits the killer bee!
You kill the killer bee!
The killer bee barely misses you.
Casting: Foxfire (safe; 1% risk of failure)
Confirm with . or Enter, or press ? or * to list all spells.
Flames lash the killer bee.
The killer bee is heavily wounded.
The killer bee's fire resistance burns away.
The killer bee barely misses you.
The killer bee stings you but does no damage.
The jelly closely misses you. You block the killer bee's attack.
The killer bee misses you. You block the jelly's attack.
You block the killer bee's attack. The jelly attacks as it pursues you!
The jelly hits you. The acid corrodes you!
You are splashed with acid!
The killer bee stings you! x2
* * * LOW HITPOINT WARNING * * *
The killer bee barely misses you.
The killer bee is no longer more vulnerable to fire.
The killer bee attacks as it pursues you!
The killer bee stings you.
* * * LOW HITPOINT WARNING * * *
The killer bee stings you.
* * * LOW HITPOINT WARNING * * *
You block the killer bee's attack. The killer bee stings you.
* * * LOW HITPOINT WARNING * * *
The killer bee attacks as it pursues you!
The killer bee closely misses you. You block the killer bee's attack.
You block the killer bee's attack.
The killer bee attacks as it pursues you!
The killer bee barely misses you. The killer bee stings you!
* * * LOW HITPOINT WARNING * * *
The killer bee barely misses you. The killer bee closely misses you.
The killer bee closely misses you. You block the killer bee's attack.
The killer bee stings you.
You die...

)..).......# #.##### .#
......>....###.....###...
...#....#.###............ ..
#....#[.###........... .
.#.##.....#............#
...........#............##
...#.....................#
#.###..........y.........##
..#..........[Jy@<........##
...............y.##........#
...............)..#.......#
.####.....................##
.####.......)..............###
.##...##.#...................#
##....####..............#...##
.).o..o............#...##....##
..###............###..........#


You could see a jelly and 3 killer bees.

Vanquished Creatures
  Joseph (D:7)
  Jeremiah (D:7)
  Prince Ribbit (D:7)
  2 steam dragons (D:7)
  4 water moccasins
  Pargi (Sewer)
  A black bear (D:4)
  An ice beast (D:6)
  3 sky beasts
  An ogre (D:7)
  3 centaurs
  A phantom (D:4)
  2 kobold brigands
  2 brain worms (Sewer)
  2 bullfrogs
  3 scorpions
  4 wights (D:7)
  2 killer bees (D:8)
  A vampire bat (D:4)
  6 crimson imps (D:8)
  2 jellies (D:5)
  A bombardier beetle (D:5)
  A gnoll bouda (D:4)
  8 orc priests
  Terence (D:3)
  2 iguanas
  8 orc wizards
  9 gnolls
  5 adders
  3 shadow imps
  6 white imps
  6 ufetubi
  3 dart slugs
  3 fire bats (D:4)
  3 ribbon worms
  37 orcs
  2 spectral bats (D:4)
  8 ball pythons
  3 bat skeletons (D:4)
  A bat zombie (D:4)
  8 endoplasms
  A giant cockroach (D:2)
  7 goblins
  3 hobgoblins
  3 jackals (D:2)
  18 kobolds
  5 quokkas
  15 bats
  A bat simulacrum (D:4)
  6 frilled lizards
  11 rats
232 creatures vanquished.

Vanquished Creatures (collateral kills)
  A foxfire (D:6)
1 creature vanquished.

Vanquished Creatures (others)
  An orc wizard (D:8)
  A quokka (D:7)
  470 foxfires
472 creatures vanquished.

Grand Total: 705 creatures vanquished

Notes
Turn   | Place    | Note
-------+----------+-------------------------------------------
     0 | D:1      | gohu the Djinni Fire Elementalist began the quest for the
                  | Orb.
     0 | D:1      | gohu set off with the following spells memorised: Foxfire,
                  | Scorch, Volatile Blastmotes, Inner Flame, Flame Wave.
     0 | D:1      | Reached XP level 1. HP: 15/15 MP: 0/0
   131 | D:1      | Reached XP level 2. HP: 20/22 MP: 0/0
   201 | D:1      | Reached skill level 1 in Fighting
   252 | D:1      | Reached XP level 3. HP: 26/27 MP: 0/0
   252 | D:1      | Learned a level 1 spell: Summon Small Mammal
   845 | D:2      | Found a faded altar of an unknown god.
   922 | D:2      | Reached XP level 4. HP: 32/32 MP: 0/0
  1243 | D:2      | Found Ruehoxaafa's Distillery.
  1254 | D:2      | Bought a potion of curing for 30 gold pieces
  1254 | D:2      | Bought a potion of heal wounds for 50 gold pieces
  1440 | D:2      | HP: 1/33 [orc/+0 whip (3)]
  1619 | D:3      | Noticed Terence
  1633 | D:3      | Killed Terence
  1634 | D:3      | Reached XP level 5. HP: 10/38 MP: 0/0
  1634 | D:3      | Learned a level 2 spell: Searing Ray
  2055 | D:3      | Identified the -2 helmet "Ydier" {Rampage}
  2294 | D:4      | Reached skill level 1 in Shields
  2368 | D:4      | Noticed a phantom
  2379 | D:4      | Killed a phantom
  2380 | D:4      | Reached XP level 6. HP: 40/45 MP: 0/0
  2744 | D:4      | Reached XP level 7. HP: 39/50 MP: 0/0
  2744 | D:4      | Learned a level 3 spell: Stone Arrow
  2751 | D:4      | Reached skill level 5 in Spellcasting
  2751 | D:4      | Reached skill level 5 in Conjurations
  2751 | D:4      | Reached skill level 5 in Hexes
  2751 | D:4      | Reached skill level 5 in Summonings
  2751 | D:4      | Reached skill level 5 in Necromancy
  2751 | D:4      | Reached skill level 5 in Translocations
  2751 | D:4      | Reached skill level 5 in Fire Magic
  2751 | D:4      | Reached skill level 5 in Ice Magic
  2751 | D:4      | Reached skill level 5 in Air Magic
  2751 | D:4      | Reached skill level 5 in Earth Magic
  2751 | D:4      | Reached skill level 5 in Alchemy
  2879 | D:4      | Found a sparkling altar of Nemelex Xobeh.
  3276 | D:4      | Reached XP level 8. HP: 57/58 MP: 0/0
  3429 | D:5      | Entered Level 5 of the Dungeon
  3747 | D:5      | Found a glowing drain.
  3765 | Sewer    | Entered a sewer
  3785 | Sewer    | Noticed Pargi
  3794 | Sewer    | Killed Pargi
  4060 | D:5      | Reached skill level 5 in Fighting
  4374 | D:2      | Bought a potion of mutation for 80 gold pieces
  4374 | D:2      | Bought a potion of brilliance for 40 gold pieces
  4734 | D:5      | Found a runed translucent door.
  4735 | D:5      | Noticed Crazy Yiuf
  5017 | D:6      | Reached XP level 9. HP: 62/65 MP: 0/0
  5017 | D:6      | Learned a level 4 spell: Anguish
  5093 | D:6      | Reached skill level 5 in Shields
  5911 | D:7      | Noticed Joseph
  5952 | D:7      | Killed Joseph
  5953 | D:7      | Reached skill level 1 in Armour
  5953 | D:7      | Reached skill level 1 in Evocations
  6055 | D:7      | Reached XP level 10. HP: 68/72 MP: 0/0
  6076 | D:7      | Found Diluwuuv's Book Boutique.
  6107 | D:7      | Found a white marble altar of Elyvilon.
  6137 | D:7      | Noticed Prince Ribbit
  6152 | D:7      | Killed Prince Ribbit
  6261 | D:7      | Found a staircase to the Ecumenical Temple.
  6339 | D:7      | Noticed Jeremiah
  6383 | D:7      | Killed Jeremiah
  6572 | D:7      | Found a hide-covered altar of Uskayaw.
  7200 | D:8      | Found a bloodstained altar of Trog.
  7384 | D:8      | HP: 1/72 [killer bee (10)]
  7385 | D:8      | Slain by a killer bee

Illustrated notes

Levels and vault maps discovered:
D:1:      minmay_arrival_wavy_path, layout_basic
D:2:      layout_basic, serial_shops, nicolae_shop_trees,
          dreamdust_ecumenical_altar_angels_and_demons
D:3:      layout_rooms, uniq_terence
D:4:      cheibrodos_quashed, layout_loops_corners,
          nemelex_xobeh_ov_fountains_minmay, goddamned_bats
D:5:      layout_basic, cheibrodos_sewer_entry_sluice,
          nicolae_nh_ransacked_shop, uniq_crazy_yiuf_cottage
D:6:      layout_loops_corners, minmay_gold_behind_fungi, nrook_mini_backslash
D:7:      layout_loops_cross, eat_drink_and_be_merry_uskayaw, elyvilon_altar_4,
          minmay_temple_entry_from_below_a, serial_shops, shop,
          nicolae_the_louvre, uniq_prince_ribbit1, uniq_duvessa, uniq_jeremiah,
          uniq_joseph
D:8:      layout_cave_pools, lightli_temple_of_fire, minmay_nine_imps

Skill      XL: |  1  2  3  4  5  6  7  8  9 10 |
---------------+-------------------------------+-----
Fighting       | 1 2 3 4 5 6 |  6.1
Spellcasting   | 4 5 6 8 9 |  9.1
Conjurations   | 4 5 6 8 9 |  9.1
Hexes          | 4 5 6 8 9 |  9.1
Summonings     | 4 5 6 8 9 |  9.1
Necromancy     | 4 5 6 8 9 |  9.1
Translocations | 4 5 6 8 9 |  9.1
Fire Magic     | 4 5 6 8 9 |  9.1
Ice Magic      | 4 5 6 8 9 |  9.1
Air Magic      | 4 5 6 8 9 |  9.1
Earth Magic    | 4 5 6 8 9 |  9.1
Alchemy        | 4 5 6 8 9 |  9.1
Shields        | 1 2 3 4 5 |  5.0
Armour         | 2 4 |  4.3
Evocations     | 2 4 |  4.3
Dodging        | |  2.1
Stealth        | |  1.5

Action                     |  1- 3 |  4- 6 |  7- 9 | 10-12 || total
---------------------------+-------+-------+-------+-------++-------
  Melee: Dagger            |    13 |     4 |     4 |       ||    21
   Cast: Foxfire           |    58 |    75 |   104 |    57 ||   294
         Scorch            |       |    23 |    82 |    31 ||   136
         Volatile Blastmot |       |    12 |    34 |    23 ||    69
         Stone Arrow       |       |       |     4 |     9 ||    13
         Searing Ray       |       |       |     2 |       ||     2
         Flame Wave        |       |       |       |     4 ||     4
    Use: Potion            |       |     1 |       |       ||     1
         Scroll            |       |       |     3 |       ||     3
   Stab: Sleeping          |     1 |       |       |       ||     1
 Armour: Robe              |    19 |    38 |   102 |    74 ||   233
  Dodge: Dodged            |    25 |    10 |    95 |    42 ||   172
  Block: Buckler           |       |     2 |    39 |    27 ||    68
